 Dungeon Crawl Stone Soup version 0.31-a0-977-gc230f8ef24 (webtiles) character file.

Game seed: 9047865840011818470

5 jasper the Slasher (level 1, 0/18 HPs)
             Began as a Demonspawn Cinder Acolyte on Oct 29, 2023.
             Was a Follower of Makhleb.
             Slain by a kobold
             ... wielding a +0 short sword
              (3 damage)
             ... on level 1 of the Dungeon.
             The game lasted 00:00:57 (200 turns).

jasper the Slasher (Demonspawn Cinder Acolyte)       Turns: 200, Time: 00:00:58

Health: 0/18       AC:  2    Str: 14    XL:     1   Next: 66%
Magic:  2/2        EV: 11    Int: 15    God:    Makhleb [*.....]
Gold:   0          SH:  0    Dex:  8    Spells: 2/2 levels left

rFire   . . .        a - -1 falchion (flame)
rCold   . . .        (no shield)
rNeg    . . .        b - +0 robe
rPois   .            (no helmet)
rElec   .            (no cloak)
rCorr   .            (no gloves)
SInv    .            (no boots)
Will    .....        (no amulet)
Stlth   +            (no ring)
HPRegen 0.23/turn    (no ring)
MPRegen 0.08/turn

%: no passive effects
@: fire susceptible
A: no striking features
a: Renounce Religion


You were on level 1 of the Dungeon.
You worshipped Makhleb.
Makhleb was aware of your devotion.
You visited 1 branch of the dungeon, and saw 1 of its levels.

Inventory:

Hand Weapons
 a - a -1 falchion of flaming (weapon)
Armour
 b - a +0 robe (worn)
Scrolls
 c - a scroll of amnesia {unknown}
 d - a scroll of identify {unknown}


   Skills:
 - Level 3.0 Fighting
 + Level 3.1 Long Blades
 - Level 1.0 Spellcasting
 - Level 2.6 Fire Magic


You had 2 spell levels left.
You didn't know any spells.
Your spell library contained the following spells:

 Spells                   Type           Power      Damage    Failure   Level
 Scorch                   Fire           16%        2d5       12%         2


Dungeon Overview and Level Annotations

Branches:
Dungeon (1/15)

Altars:
Makhleb


Message History

The endoplasm quivers.
The kobold throws a stone.
The stone closely misses you.
Found a scroll labelled SENEATS DYCLAL and a cyan potion.
You close the door.
You start waiting.
A kobold opens the door.
It is wielding a +0 short sword.
You hit the endoplasm. You burn the endoplasm.
The endoplasm is heavily wounded.
The endoplasm hits you but does no damage.
You hit the endoplasm but do no damage.
The endoplasm is heavily wounded.
The endoplasm freezes you.
You are frozen.
You take 4 damage, and have 14/18 hp.
MASSIVE DAMAGE!!
You hit the endoplasm but do no damage.
The endoplasm is heavily wounded.
The endoplasm hits you.
You take 1 damage, and have 13/18 hp.
You hit the endoplasm. You burn the endoplasm.
You kill the endoplasm!
Makhleb accepts your kill.
The kobold throws a stone.
The stone hits you.
You take 1 damage, and have 12/18 hp.
You closely miss the kobold.
The kobold hits you with a +0 short sword.
You take 4 damage, and have 8/18 hp.
MASSIVE DAMAGE!!
You hit the kobold but do no damage. The kobold closely misses you.
You hit the kobold. You burn the kobold.
The kobold is severely wounded.
The kobold hits you with a +0 short sword.
You take 1 damage, and have 7/18 hp.
You closely miss the kobold.
The kobold is severely wounded.
The kobold hits you with a +0 short sword.
* * * LOW HITPOINT WARNING * * *
You take 4 damage, and have 3/18 hp.
MASSIVE DAMAGE!!
You closely miss the kobold.
The kobold is severely wounded.
The kobold hits you with a +0 short sword.
You die...

#.................
#>..........#.###.
#.#########......†
#.# #....##. #.#
#....##. #.#
#....##. #.#
#....... #.# # ##
#@# #K# ... .....
#.....? #.......
#......!.
#.........


You could see a kobold.

Vanquished Creatures
  An endoplasm (D:1)
  A giant cockroach (D:1)
  A kobold (D:1)
  A bat (D:1)
  A rat (D:1)
5 creatures vanquished.

Notes
Turn   | Place    | Note
-------+----------+-------------------------------------------
     0 | D:1      | jasper the Demonspawn Cinder Acolyte began the quest for
                  | the Orb.
     0 | D:1      | Reached XP level 1. HP: 18/18 MP: 2/2
   134 | D:1      | Found a faded altar of an unknown god.
   139 | D:1      | Prayed at the altar of an unknown god.
   139 | D:1      | Fell from the grace of Ignis
   139 | D:1      | Became a worshipper of Makhleb the Destroyer
   139 | D:1      | Reached * piety under Makhleb
   200 | D:1      | Slain by a kobold

Illustrated notes

Levels and vault maps discovered:
D:1:      dpeg_arrival_radiant, layout_basic, chequers_ecumenical_altar_twisty

Skill      XL: |  1 |
---------------+----+-----
Long Blades    | 3 |  3.1
Fighting       | |  3.0
Spellcasting   | |  1.0
Fire Magic     | |  2.6

Action                     || total
---------------------------++-------
  Melee: Falchion          ||    35
         Punch             ||     1
 Armour: Robe              ||    25
  Dodge: Dodged            ||    15

Table legend: (Time is in decaauts)
 A = Elapsed time spent in this place.
 B = Non-inter-level travel time spent in this place.
 C = Inter-level travel time spent in this place.
 D = Time resting spent in this place.
 E = Time spent auto-exploring this place.
 F = Levels seen in this place.
 G = Mean time per level.
                   A        B        C        D        E       F      G
               +--------+--------+--------+--------+--------+-----+--------+
         Total |    205 |    205 |      0 |     72 |      2 |   1 |  205.0 |
       Dungeon |    205 |    205 |      0 |     72 |      2 |   1 |  205.0 |
               +--------+--------+--------+--------+--------+-----+--------+

Top non-repeatable levels by time:
     D:1: 205 daAuts
